[Event "FIDE Chesscom Grand Swiss 2019"]
[Site "Douglas-Isle of Man"]
[Date "2019.10.20"]
[Round "10.10"]
[White "Sarana, Alexey"]
[Black "Vovk, Andriy"]
[Result "1-0"]
[ECO "B62"]
[WhiteElo "2655"]
[BlackElo "2618"]
[Annotator "ChessBase"]
[PlyCount "73"]
[EventDate "2019.10.10"]
[EventType "swiss"]
[EventCountry "GBR"]
[SourceTitle "playchess.com"]
[Source "ChessBase"]
[SourceQuality "1"]
[TimeControl "40/6000+30:20/3000+30:900+30"]

1. e4 c5 2. Nf3 Nc6 3. d4 cxd4 4. Nxd4 Nf6 5. Nc3 d6 6. Bg5 e6 7. Qd3 a6 8. Nxc6 bxc6 9. O-O-O Be7 10. Qg3 e5 11. Bc4 h6 12. Bd2 g5 13. h4 g4 14. f4 gxf3 15. gxf3 Rg8 16. Qf2 Bf8 17. Be3 Be6 18. Qe2 Qc8 19. Bxe6 Qxe6 20. f4 exf4 21. Bxf4 Nd7 22. Rhf1 a5 23. Qd2 Rg6 24. h5 Rf6 25. Rg1 Ne5 26. Rg8 Nc4 27. Qh2 a4 28. Qg3 a3 29. b3 Ne5 30. Ne2 Nd7 31. Nd4 Qxe4 32. Re1 Rxf4 33. Rxe4+ Rxe4 34. Qxd6 Rc8 35. Nf5 f6 36. Rh8 Rd8 37. Rxf8+ 1-0

[Event "FIDE Chesscom Grand Swiss 2019"]
[Site "Douglas-Isle of Man"]
[Date "2019.10.20"]
[Round "10.11"]
[White "Movsesian, Sergei"]
[Black "Jobava, Baadur"]
[Result "1/2-1/2"]
[ECO "C47"]
[WhiteElo "2654"]
[BlackElo "2617"]
[Annotator "ChessBase"]
[PlyCount "61"]
[EventDate "2019.10.10"]
[EventType "swiss"]
[EventCountry "GBR"]
[SourceTitle "playchess.com"]
[Source "ChessBase"]
[SourceQuality "1"]
[TimeControl "40/6000+30:20/3000+30:900+30"]

1. e4 e5 2. Nf3 Nc6 3. Nc3 Nf6 4. d4 exd4 5. Nxd4 Bb4 6. Nxc6 bxc6 7. Bd3 d5 8. exd5 cxd5 9. O-O O-O 10. Bg5 c6 11. Qf3 Bd6 12. Rae1 Rb8 13. Nd1 h6 14. Bxf6 Qxf6 15. Qxf6 gxf6 16. b3 f5 17. Ne3 f4 18. Nf5 Bxf5 19. Bxf5 Rfe8 20. Bd7 Rxe1 21. Rxe1 c5 22. Re8+ Rxe8 23. Bxe8 Kf8 24. Bc6 d4 25. Bd5 Ke7 26. Kf1 f6 27. Ke2 Bc7 28. g3 fxg3 29. hxg3 Ba5 30. Be4 Bc3 31. Bd3 1/2-1/2

[Event "FIDE Chesscom Grand Swiss 2019"]
[Site "Douglas-Isle of Man"]
[Date "2019.10.20"]
[Round "10.13"]
[White "Puranik, Abhimanyu"]
[Black "Papaioannou, Ioannis"]
[Result "1/2-1/2"]
[ECO "B23"]
[WhiteElo "2571"]
[BlackElo "2645"]
[Annotator "ChessBase"]
[PlyCount "62"]
[EventDate "2019.10.10"]
[EventType "swiss"]
[EventCountry "GBR"]
[SourceTitle "playchess.com"]
[Source "ChessBase"]
[SourceQuality "1"]
[TimeControl "40/6000+30:20/3000+30:900+30"]

1. e4 c5 2. Nc3 a6 3. g3 b5 4. Bg2 Bb7 5. Nge2 e5 6. O-O Nf6 7. d3 Be7 8. f4 d6 9. a4 b4 10. Nd5 Nxd5 11. exd5 Nd7 12. c4 Bf6 13. Ra2 O-O 14. b3 Re8 15. Kh1 Bc8 16. Be4 Ra7 17. f5 Bg5 18. Ng1 Bxc1 19. Qxc1 Nf6 20. Rg2 h6 21. g4 Kf8 22. Nf3 Ke7 23. Rfg1 Rg8 24. g5 hxg5 25. Qxg5 Kd7 26. Qh4 Qf8 27. Ng5 Rh8 28. Qf2 Kd8 29. Nf3 Rh7 30. Ng5 Rh8 31. Nf3 Rh7 1/2-1/2

[Event "FIDE Chesscom Grand Swiss 2019"]
[Site "Douglas-Isle of Man"]
[Date "2019.10.20"]
[Round "10.14"]
[White "Harika, Dronavalli"]
[Black "Riazantsev, Alexander"]
[Result "1/2-1/2"]
[ECO "E11"]
[WhiteElo "2495"]
[BlackElo "2645"]
[Annotator "ChessBase"]
[PlyCount "86"]
[EventDate "2019.10.10"]
[EventType "swiss"]
[EventCountry "GBR"]
[SourceTitle "playchess.com"]
[Source "ChessBase"]
[SourceQuality "1"]
[TimeControl "40/6000+30:20/3000+30:900+30"]

1. Nf3 d5 2. d4 Nf6 3. c4 e6 4. g3 Bb4+ 5. Bd2 a5 6. Bg2 O-O 7. Qc2 c5 8. O-O cxd4 9. Nxd4 e5 10. Nb5 d4 11. Bxb4 axb4 12. Nd2 Na6 13. a3 Qe7 14. h3 g6 15. axb4 Nxb4 16. Qb3 Bf5 17. Rxa8 Rxa8 18. e4 Bd7 19. f4 Na6 20. Qa3 Qxa3 21. Nxa3 Nh5 22. Kh2 f6 23. Nc2 Re8 24. fxe5 fxe5 25. Ra1 Bc6 26. Ne1 Nb4 27. Ra3 Rf8 28. Bf3 Nf6 29. Rb3 Na6 30. Nd3 Nd7 31. Ra3 Nac5 32. Nxc5 Nxc5 33. b4 Ne6 34. h4 Kf7 35. Ra7 Ke7 36. Kg1 Kd6 37. Bg4 Nd8 38. Be2 Kc7 39. c5 Bd7 40. Ra8 Ne6 41. Rxf8 Nxf8 42. Nf3 Bc6 43. Nxe5 Bxe4 1/2-1/2

[Event "FIDE Chesscom Grand Swiss 2019"]
[Site "Douglas-Isle of Man"]
[Date "2019.10.20"]
[Round "10.15"]
[White "Baron, Tal"]
[Black "Bluebaum, Matthias"]
[Result "1/2-1/2"]
[ECO "B12"]
[WhiteElo "2531"]
[BlackElo "2643"]
[Annotator "ChessBase"]
[PlyCount "62"]
[EventDate "2019.10.10"]
[EventType "swiss"]
[EventCountry "GBR"]
[SourceTitle "playchess.com"]
[Source "ChessBase"]
[SourceQuality "1"]
[TimeControl "40/6000+30:20/3000+30:900+30"]

1. e4 c6 2. d4 d5 3. e5 Bf5 4. h4 h5 5. Bd3 Bxd3 6. Qxd3 Qa5+ 7. Nd2 e6 8. Ngf3 Nh6 9. O-O Qa6 10. c4 Nf5 11. b3 Be7 12. a4 O-O 13. Ba3 Bxa3 14. Rxa3 Qa5 15. Rc1 Na6 16. Nf1 Qb4 17. Raa1 Qe7 18. Ng3 Nxh4 19. Nxh5 Nb4 20. Qc3 Nxf3+ 21. Qxf3 Qh4 22. Nf4 g6 23. g3 Qg5 24. a5 Rad8 25. Qc3 Qe7 26. c5 Na6 27. Qf3 Qg5 28. Kg2 Kg7 29. Qe3 Qe7 30. Qf3 Qg5 31. Qe3 Qe7 1/2-1/2

[Event "FIDE Chesscom Grand Swiss 2019"]
[Site "Douglas-Isle of Man"]
[Date "2019.10.20"]
[Round "10.17"]
[White "Kashlinskaya, Alina"]
[Black "Alekseev, Evgeny"]
[Result "1/2-1/2"]
[ECO "D36"]
[WhiteElo "2481"]
[BlackElo "2629"]
[Annotator "ChessBase"]
[PlyCount "85"]
[EventDate "2019.10.10"]
[EventType "swiss"]
[EventCountry "GBR"]
[SourceTitle "playchess.com"]
[Source "ChessBase"]
[SourceQuality "1"]
[TimeControl "40/6000+30:20/3000+30:900+30"]

1. d4 d5 2. c4 e6 3. Nc3 Nf6 4. cxd5 exd5 5. Bg5 c6 6. e3 Bd6 7. Bd3 Nbd7 8. Qc2 Nf8 9. O-O-O Ng6 10. f4 h6 11. Bxf6 Qxf6 12. f5 Ne7 13. e4 Qxd4 14. Nf3 Qc5 15. exd5 cxd5 16. Bb5+ Kf8 17. g4 a6 18. Be2 h5 19. h3 b5 20. a3 Bb7 21. Rhf1 hxg4 22. hxg4 Re8 23. Kb1 Bf4 24. g5 d4 25. Rxd4 Bxg5 26. Rd7 Bc8 27. Nxg5 Bxd7 28. Qb3 Nd5 29. Nce4 Bxf5 30. Bd3 Bxe4 31. Bxe4 Rxe4 32. Nxe4 Qc6 33. Ka1 Rh5 34. Qf3 Qg6 35. Nd6 f6 36. Rd1 Qg5 37. Re1 Kg8 38. Re8+ Kh7 39. Qe4+ g6 40. Re7+ Nxe7 41. Qxe7+ Kg8 42. Qf7+ Kh8 43. Qf8+ 1/2-1/2

[Event "FIDE Chesscom Grand Swiss 2019"]
[Site "Douglas-Isle of Man"]
[Date "2019.10.20"]
[Round "10.21"]
[White "Motylev, Alexander"]
[Black "Henderson de La Fuente, Lance"]
[Result "1-0"]
[ECO "C67"]
[WhiteElo "2651"]
[BlackElo "2494"]
[Annotator "ChessBase"]
[PlyCount "133"]
[EventDate "2019.10.10"]
[EventType "swiss"]
[EventCountry "GBR"]
[SourceTitle "playchess.com"]
[Source "ChessBase"]
[SourceQuality "1"]
[TimeControl "40/6000+30:20/3000+30:900+30"]

1. e4 e5 2. Nf3 Nc6 3. Bb5 Nf6 4. O-O Nxe4 5. Re1 Nd6 6. Nxe5 Be7 7. Bf1 Nxe5 8. Rxe5 O-O 9. d4 Bf6 10. Re1 Nf5 11. d5 Re8 12. Nd2 Rxe1 13. Qxe1 d6 14. Ne4 Bd4 15. c3 Bb6 16. a4 a6 17. a5 Ba7 18. Bg5 f6 19. Bf4 Bd7 20. Qd1 Qe7 21. Bd3 Re8 22. h3 Qf7 23. Bc2 Nh4 24. Bg3 Ng6 25. Qh5 Ne5 26. Qxf7+ Nxf7 27. Nd2 g5 28. Kf1 Nh6 29. Ba4 Bxa4 30. Rxa4 Nf5 31. Rb4 Rb8 32. Rc4 c6 33. Bh2 cxd5 34. Rc7 h5 35. Rd7 Bc5 36. b4 Ba7 37. g4 hxg4 38. hxg4 Nh6 39. Bxd6 Ra8 40. f3 Nf7 41. Bg3 Rc8 42. Rxb7 Be3 43. b5 axb5 44. a6 Kg7 45. Ke2 Rxc3 46. a7 Ra3 47. a8=Q Rxa8 48. Kxe3 Ra3+ 49. Ke2 f5 50. gxf5 Kf6 51. Rxb5 Kxf5 52. Rxd5+ Ke6 53. Rd4 Kf5 54. Nc4 Rb3 55. Ne3+ Kf6 56. Ng4+ Kg6 57. Ra4 Rb6 58. Kf1 Re6 59. Kg2 Re2+ 60. Kh3 Re6 61. Ra5 Rc6 62. Bf2 Re6 63. Be3 Rd6 64. Kg3 Re6 65. Rc5 Re7 66. Rc6+ Kh5 67. Nf6+ 1-0

[Event "FIDE Chesscom Grand Swiss 2019"]
[Site "Douglas-Isle of Man"]
[Date "2019.10.20"]
[Round "10.22"]
[White "Saduakassova, Dinara"]
[Black "Zvjaginsev, Vadim"]
[Result "1/2-1/2"]
[ECO "A40"]
[WhiteElo "2481"]
[BlackElo "2644"]
[Annotator "ChessBase"]
[PlyCount "132"]
[EventDate "2019.10.10"]
[EventType "swiss"]
[EventCountry "GBR"]
[SourceTitle "playchess.com"]
[Source "ChessBase"]
[SourceQuality "1"]
[TimeControl "40/6000+30:20/3000+30:900+30"]

1. d4 e6 2. c4 Bb4+ 3. Bd2 a5 4. g3 d6 5. Nf3 Nc6 6. Nc3 e5 7. a3 Bxc3 8. Bxc3 Qe7 9. d5 Nb8 10. b4 Nf6 11. Bg2 axb4 12. axb4 Rxa1 13. Qxa1 O-O 14. O-O b5 15. Nd2 bxc4 16. Nxc4 Ba6 17. Qa2 c6 18. Ne3 cxd5 19. Nxd5 Nxd5 20. Bxd5 Bb5 21. Rc1 Nc6 22. Qd2 Rd8 23. Bb2 Qd7 24. Bb3 h6 25. Bd5 Ne7 26. Bg2 f6 27. f4 Qa7+ 28. Kh1 Qb6 29. Bf3 Kh8 30. Qc3 Rc8 31. Qd2 Rxc1+ 32. Qxc1 Bc6 33. fxe5 fxe5 34. Qe1 Nd5 35. Ba3 Ne3 36. Qg1 Bxf3+ 37. exf3 Qb5 38. Qxe3 Qf1+ 39. Qg1 Qxf3+ 40. Qg2 Qxa3 41. Qe4 Qa2 42. Kg1 Kg8 43. b5 Qa1+ 44. Kf2 Qb2+ 45. Qe2 Qb3 46. Qg4 Qc2+ 47. Kg1 Qc5+ 48. Kg2 Qd5+ 49. Kh3 Qxb5 50. Qe6+ Kf8 51. Qxd6+ Kf7 52. Kg4 g6 53. Kf3 Qb7+ 54. Ke3 Qe7 55. Qd5+ Kf6 56. Qf3+ Kg7 57. Qc6 Qg5+ 58. Ke4 Qf5+ 59. Ke3 Qg5+ 60. Ke4 Qf5+ 61. Ke3 h5 62. Qd6 Kh6 63. h4 Kg7 64. Qe7+ Kh6 65. Qd6 Kg7 66. Qe7+ {[%emt 0:00:04] e4 Kxe4+} Kh6 {[%emt 0:01:16] Ke4 Kg7+} 1/2-1/2

[Event "FIDE Chesscom Grand Swiss 2019"]
[Site "Douglas-Isle of Man"]
[Date "2019.10.20"]
[Round "10.25"]
[White "Durarbayli, Vasif"]
[Black "Soumya, Swaminathan"]
[Result "1-0"]
[ECO "B56"]
[WhiteElo "2617"]
[BlackElo "2365"]
[Annotator "ChessBase"]
[PlyCount "119"]
[EventDate "2019.10.10"]
[EventType "swiss"]
[EventCountry "GBR"]
[SourceTitle "playchess.com"]
[Source "ChessBase"]
[SourceQuality "1"]
[TimeControl "40/6000+30:20/3000+30:900+30"]

1. e4 c5 2. Nf3 Nc6 3. d4 cxd4 4. Nxd4 Nf6 5. Nc3 d6 6. f3 e5 7. Nb3 Be7 8. Be3 O-O 9. Qd2 a5 10. Bb5 Na7 11. Bxa7 Rxa7 12. O-O-O Qb6 13. Qe2 Be6 14. Kb1 Raa8 15. Na4 Qa7 16. Rhe1 Ne8 17. Nc3 Nc7 18. a4 Nxb5 19. Qxb5 g6 20. Nd5 Bd8 21. Nd2 Rc8 22. Qd3 Qc5 23. Nb3 Qc4 24. Nc3 Rc6 25. Qxc4 Bxc4 26. Nb5 b6 27. Nxd6 Be6 28. Nc1 Be7 29. Nb5 Bb4 30. Re3 f6 31. Red3 Be7 32. Rc3 Rfc8 33. Rxc6 Rxc6 34. Ne2 Kf7 35. Nec3 f5 36. b3 h5 37. Nd5 Bc5 38. h3 h4 39. Ndc7 fxe4 40. fxe4 Ke7 41. Nxe6 Kxe6 42. Nc3 Rc8 43. Rf1 Rf8 44. Rxf8 Bxf8 45. Nd5 Bc5 46. Kb2 Kd6 47. Kc3 g5 48. Kc4 Kc6 49. Nf6 Bf2 50. Ng4 Bg3 51. Nh6 Bh2 52. Nf7 Bf4 53. c3 Bh2 54. Nxg5 Bf4 55. Nf3 Bg3 56. b4 axb4 57. cxb4 Kd6 58. Kb5 Kc7 59. Ka6 Kc6 60. b5+ {[%emt 0:00:00] Kd5} 1-0

[Event "FIDE Chesscom Grand Swiss 2019"]
[Site "Douglas-Isle of Man"]
[Date "2019.10.20"]
[Round "10.27"]
[White "Atalik, Ekaterina"]
[Black "Demchenko, Anton"]
[Result "0-1"]
[ECO "E81"]
[WhiteElo "2464"]
[BlackElo "2655"]
[Annotator "RC"]
[PlyCount "54"]
[EventDate "2019.10.10"]
[EventType "swiss"]
[EventCountry "GBR"]
[SourceTitle "playchess.com"]
[Source "ChessBase"]
[SourceQuality "1"]
[TimeControl "40/6000+30:20/3000+30:900+30"]

1. d4 Nf6 2. c4 g6 3. Nc3 Bg7 4. e4 O-O 5. f3 d6 6. Be3 a6 7. Nge2 Nbd7 8. Qd2 b5 9. cxb5 axb5 10. Nxb5 c6 11. Na3 e5 12. Nc3 d5 13. dxe5 Nxe5 14. O-O-O Be6 15. Bd4 Qb8 16. f4 Ned7 17. f5 gxf5 18. exd5 cxd5 19. Bd3 Ne5 20. Nc2 Ne4 21. Qe1 Rc8 22. a3 Qb3 23. Bxe4 dxe4 24. Qg3 f4 25. Qxf4 Nd3+ 26. Rxd3 exd3 27. Ne3 Ra4 0-1

[Event "FIDE Chesscom Grand Swiss 2019"]
[Site "Douglas-Isle of Man"]
[Date "2019.10.20"]
[Round "10.28"]
[White "Bulmaga, Irina"]
[Black "Piorun, Kacper"]
[Result "0-1"]
[ECO "B11"]
[WhiteElo "2442"]
[BlackElo "2643"]
[Annotator "ChessBase"]
[PlyCount "84"]
[EventDate "2019.10.10"]
[EventType "swiss"]
[EventCountry "GBR"]
[SourceTitle "playchess.com"]
[Source "ChessBase"]
[SourceQuality "1"]
[TimeControl "40/6000+30:20/3000+30:900+30"]

1. e4 c6 2. Nc3 d5 3. Nf3 dxe4 4. Nxe4 Nf6 5. Qe2 Bf5 6. Nxf6+ gxf6 7. d4 e6 8. g3 Nd7 9. Bg2 Bg7 10. O-O O-O 11. Nh4 Bg6 12. c3 Re8 13. f4 f5 14. Be3 Nf6 15. Bf3 Qc7 16. Rac1 a5 17. c4 a4 18. Kg2 Rad8 19. Rfd1 Qa5 20. Bd2 Qa6 21. Be3 Rd7 22. Rc2 Red8 23. Bg1 Qa5 24. Rcd2 Qb4 25. h3 Ne4 26. Bxe4 fxe4 27. Be3 f5 28. Nxg6 hxg6 29. h4 Kf7 30. h5 b5 31. hxg6+ Kxg6 32. Rh1 Rh8 33. cxb5 Qxb5 34. Qd1 Rxh1 35. Kxh1 Rd8 36. Kg1 Bf6 37. g4 fxg4 38. Qxg4+ Kf7 39. Rg2 Qf5 40. Qd1 Qh3 41. Qe1 Rh8 42. Kf1 Rg8 0-1

[Event "FIDE Chesscom Grand Swiss 2019"]
[Site "Douglas-Isle of Man"]
[Date "2019.10.20"]
[Round "10.29"]
[White "Ushenina, Anna"]
[Black "Bachmann, Axel"]
[Result "0-1"]
[ECO "E11"]
[WhiteElo "2431"]
[BlackElo "2629"]
[Annotator "ChessBase"]
[PlyCount "92"]
[EventDate "2019.10.10"]
[EventType "swiss"]
[EventCountry "GBR"]
[SourceTitle "playchess.com"]
[Source "ChessBase"]
[SourceQuality "1"]
[TimeControl "40/6000+30:20/3000+30:900+30"]

1. d4 Nf6 2. c4 e6 3. g3 Bb4+ 4. Bd2 a5 5. Bg2 O-O 6. Nf3 d5 7. O-O dxc4 8. Qc2 Bxd2 9. Nbxd2 b5 10. a4 c6 11. b3 cxb3 12. Nxb3 Ba6 13. Rfc1 bxa4 14. Rxa4 Bb5 15. Ra3 Nbd7 16. e3 a4 17. Nc5 Qe7 18. Ng5 Rad8 19. Nxd7 Rxd7 20. Qb2 h6 21. Nf3 Rb7 22. Ne5 Nd5 23. Qa1 Rfb8 24. Be4 Rc7 25. Rc5 Nb4 26. Rac3 Rb6 27. Nc4 Rb8 28. Ne5 Rbc8 29. Bh7+ Kh8 30. Bg6 f6 31. Nd3 Na6 32. Rh5 Kg8 33. Nc5 f5 34. Nxa6 Bxa6 35. e4 c5 36. d5 Qf6 37. exf5 exd5 38. Qxa4 Qxc3 39. Qxa6 Qf6 40. Qa2 c4 41. g4 Qd4 42. h3 c3 43. f6 c2 44. f7+ Rxf7 45. Bxf7+ Kxf7 46. Rxd5 c1=Q+ 0-1

[Event "FIDE Chesscom Grand Swiss 2019"]
[Site "Douglas-Isle of Man"]
[Date "2019.10.20"]
[Round "10.30"]
[White "Iturrizaga Bonelli, Eduardo"]
[Black "Boruchovsky, Avital"]
[Result "1-0"]
[ECO "E12"]
[WhiteElo "2629"]
[BlackElo "2533"]
[Annotator "ChessBase"]
[PlyCount "101"]
[EventDate "2019.10.10"]
[EventType "swiss"]
[EventCountry "GBR"]
[SourceTitle "playchess.com"]
[Source "ChessBase"]
[SourceQuality "1"]
[TimeControl "40/6000+30:20/3000+30:900+30"]

1. c4 b6 2. Nc3 Bb7 3. d4 e6 4. a3 Nf6 5. Nf3 Be7 6. d5 O-O 7. g3 exd5 8. cxd5 b5 9. Bg2 b4 10. axb4 Bxb4 11. Nh4 d6 12. O-O Nbd7 13. e4 Re8 14. Re1 Nc5 15. Nf5 Qd7 16. Bh3 Kh8 17. f3 Bxc3 18. bxc3 Qb5 19. Be3 Nfd7 20. Rb1 Qa6 21. Bd4 f6 22. Bf1 Qa5 23. Qc2 Ne5 24. Be2 a6 25. f4 Ned7 26. Ra1 Qb6 27. Reb1 Qa7 28. Bf3 a5 29. g4 Rg8 30. Qg2 g5 31. fxg5 Rxg5 32. h4 Rgg8 33. Kh2 Ne5 34. Be2 Rae8 35. g5 Qa8 36. Rg1 Ned7 37. Bb5 c6 38. Nxd6 Qb8 39. e5 fxe5 40. Nf7+ Kg7 41. Bxc5 Nxc5 42. Qf1 Ne4 43. h5 cxb5 44. Qf5 Qc8 45. Qxe4 Qxc3 46. Raf1 Qd2+ 47. Rg2 Qxd5 48. h6+ Kf8 49. Nxe5+ Ke7 50. Nc6+ Kd6 51. Rf6+ 1-0

[Event "FIDE Chesscom Grand Swiss 2019"]
[Site "Douglas-Isle of Man"]
[Date "2019.10.20"]
[Round "10.31"]
[White "Houska, Jovanka"]
[Black "Efimenko, Zahar"]
[Result "0-1"]
[ECO "A49"]
[WhiteElo "2430"]
[BlackElo "2604"]
[Annotator "ChessBase"]
[PlyCount "100"]
[EventDate "2019.10.10"]
[EventType "swiss"]
[EventCountry "GBR"]
[SourceTitle "playchess.com"]
[Source "ChessBase"]
[SourceQuality "1"]
[TimeControl "40/6000+30:20/3000+30:900+30"]

1. d4 g6 2. Nf3 Bg7 3. g3 c5 4. c3 Na6 5. Bg2 Nf6 6. O-O O-O 7. a3 b6 8. Ne5 d5 9. b4 Bb7 10. Bb2 Nd7 11. c4 Nxe5 12. dxe5 e6 13. b5 Nc7 14. a4 a6 15. Na3 axb5 16. axb5 Ra7 17. Nc2 Rxa1 18. Qxa1 Qb8 19. Rd1 dxc4 20. Qa4 Bxg2 21. Kxg2 Qa8+ 22. Qxa8 Rxa8 23. Ne3 c3 24. Bxc3 Nxb5 25. Bb2 Nd4 26. Nc4 b5 27. Nd6 Nxe2 28. Nxb5 Rb8 29. Rd2 Rxb5 30. Rxe2 Kf8 31. Kf3 Ke8 32. Ke4 Kd7 33. Bc3 Rb3 34. Re3 Kc6 35. Rf3 Rb7 36. Rd3 Bf8 37. Rd8 Be7 38. Rh8 h5 39. h3 Kb5 40. g4 h4 41. f4 Kc4 42. Be1 Kb3 43. f5 gxf5+ 44. gxf5 exf5+ 45. Kxf5 c4 46. Rc8 Rb5 47. Ke4 f6 48. Bxh4 f5+ 49. Kxf5 Bxh4 50. Kf4 c3 0-1

[Event "FIDE Chesscom Grand Swiss 2019"]
[Site "Douglas-Isle of Man"]
[Date "2019.10.20"]
[Round "10.32"]
[White "Deac, Bogdan-Daniel"]
[Black "Kasimdzhanov, Rustam"]
[Result "1-0"]
[ECO "E06"]
[WhiteElo "2613"]
[BlackElo "2657"]
[Annotator "ChessBase"]
[PlyCount "123"]
[EventDate "2019.10.10"]
[EventType "swiss"]
[EventCountry "GBR"]
[SourceTitle "playchess.com"]
[Source "ChessBase"]
[SourceQuality "1"]
[TimeControl "40/6000+30:20/3000+30:900+30"]

1. d4 Nf6 2. c4 e6 3. Nf3 d5 4. Nc3 Be7 5. g3 O-O 6. Bg2 dxc4 7. Ne5 Nc6 8. Bxc6 bxc6 9. Nxc6 Qe8 10. Nxe7+ Qxe7 11. Qa4 c5 12. dxc5 Qxc5 13. Be3 Qc7 14. Rd1 Bb7 15. O-O Nd5 16. Bd4 Rfd8 17. Nxd5 Rxd5 18. Bc3 Qc5 19. Rxd5 Qxd5 20. f3 Qc5+ 21. Kg2 e5 22. Rd1 h6 23. Qd7 Bc6 24. Qd6 Qxd6 25. Rxd6 Ba4 26. Ra6 Bd7 27. Rd6 Ba4 28. Ra6 Bd7 29. e4 f6 30. a4 Bc8 31. Rd6 a5 32. Kf2 Bb7 33. Rb6 Bc8 34. Rc6 Bd7 35. Rxc4 Rc8 36. Rxc8+ Bxc8 37. Bxa5 Bd7 38. b3 Be6 39. b4 Bb3 40. b5 Bxa4 41. b6 Bc6 42. g4 g6 43. Bd2 Kg7 44. Ke2 Bb5+ 45. Ke1 Ba6 46. Be3 Bb7 47. Ke2 Ba6+ 48. Kd2 h5 49. g5 Kf7 50. Ke1 Ke6 51. gxf6 Kxf6 52. Kf2 Ke6 53. Kg3 Kd7 54. Kh4 Be2 55. Kg5 Bxf3 56. Kxg6 Ke6 57. h4 Bxe4+ 58. Kxh5 Kf5 59. Kh6 Kg4 60. Bf2 Bb7 61. Kg6 e4 62. Kf6 1-0

[Event "FIDE Chesscom Grand Swiss 2019"]
[Site "Douglas-Isle of Man"]
[Date "2019.10.20"]
[Round "10.32"]
[White "Rakotomaharo, Fy Antenaina"]
[Black "Christiansen, Johan-Sebastian"]
[Result "0-1"]
[ECO "B56"]
[WhiteElo "2428"]
[BlackElo "2558"]
[Annotator "ChessBase"]
[PlyCount "54"]
[EventDate "2019.10.10"]
[EventType "swiss"]
[EventCountry "GBR"]
[SourceTitle "playchess.com"]
[Source "ChessBase"]
[SourceQuality "1"]
[TimeControl "40/6000+30:20/3000+30:900+30"]

1. e4 c5 2. Nf3 Nc6 3. d4 cxd4 4. Nxd4 Nf6 5. Nc3 d6 6. f3 e5 7. Nb3 Be7 8. Be3 Be6 9. Qe2 O-O 10. O-O-O Qc8 11. Kb1 Rd8 12. g4 d5 13. g5 Nxe4 14. fxe4 d4 15. Bg2 dxc3 16. bxc3 Qc7 17. Rd5 Bxd5 18. exd5 Na5 19. Be4 Nc4 20. Bc1 Ba3 21. Bd3 Bxc1 22. Kxc1 Nd6 23. Qxe5 Rac8 24. Rf1 Re8 25. Qd4 Qxc3 26. Qxc3 Rxc3 27. h4 Re5 0-1

[Event "FIDE Chesscom Grand Swiss 2019"]
[Site "Douglas-Isle of Man"]
[Date "2019.10.20"]
[Round "10.33"]
[White "Oparin, Grigoriy"]
[Black "Abdusattorov, Nodirbek"]
[Result "1/2-1/2"]
[ECO "E18"]
[WhiteElo "2654"]
[BlackElo "2608"]
[Annotator "ChessBase"]
[PlyCount "82"]
[EventDate "2019.10.10"]
[EventType "swiss"]
[EventCountry "GBR"]
[SourceTitle "playchess.com"]
[Source "ChessBase"]
[SourceQuality "1"]
[TimeControl "40/6000+30:20/3000+30:900+30"]

1. d4 Nf6 2. c4 e6 3. Nf3 b6 4. g3 Bb7 5. Bg2 Be7 6. O-O O-O 7. Nc3 Ne4 8. Bd2 Bf6 9. h4 d6 10. Be1 Nxc3 11. Bxc3 Be4 12. Qd2 Nd7 13. Qf4 d5 14. cxd5 exd5 15. Rfd1 Re8 16. Ne5 Bxg2 17. Kxg2 Qe7 18. Ng4 Qe6 19. Rac1 Be7 20. Bd2 c5 21. h5 Bd6 22. Qf3 cxd4 23. Bf4 Bxf4 24. Qxf4 Qe4+ 25. Qf3 Nc5 26. h6 f5 27. Nh2 f4 28. gxf4 Qg6+ 29. Kh1 Qxh6 30. Rxd4 Ne6 31. Rxd5 Qxf4 32. e3 Qxf3+ 33. Nxf3 Rad8 34. Rxd8 Rxd8 35. Kg2 Kf8 36. b4 Ke7 37. a4 Rd3 38. Ne5 Ra3 39. a5 bxa5 40. bxa5 Ra2 41. Rd1 Nc5 1/2-1/2

[Event "FIDE Chesscom Grand Swiss 2019"]
[Site "Douglas-Isle of Man"]
[Date "2019.10.20"]
[Round "10.34"]
[White "Narayanan.S.L"]
[Black "Melkumyan, Hrant"]
[Result "0-1"]
[ECO "C65"]
[WhiteElo "2611"]
[BlackElo "2650"]
[Annotator "ChessBase"]
[PlyCount "114"]
[EventDate "2019.10.10"]
[EventType "swiss"]
[EventCountry "GBR"]
[SourceTitle "playchess.com"]
[Source "ChessBase"]
[SourceQuality "1"]
[TimeControl "40/6000+30:20/3000+30:900+30"]

1. e4 e5 2. Nf3 Nc6 3. Bb5 Nf6 4. d3 Bc5 5. Bxc6 dxc6 6. Nbd2 Be6 7. O-O Nd7 8. Nb3 Be7 9. d4 f6 10. Na5 Rb8 11. dxe5 Nxe5 12. Nxe5 Qxd1 13. Rxd1 fxe5 14. Be3 g5 15. a3 g4 16. Rd3 a6 17. Ba7 Ra8 18. Be3 Rb8 19. Rc3 Bd6 20. Ba7 Ra8 21. Bc5 Rb8 22. Rd1 Ke7 23. Ba7 Ra8 24. Be3 Rab8 25. b4 h5 26. Rcd3 Rhf8 27. Ba7 Ra8 28. Be3 Rab8 29. Ba7 Ra8 30. Bc5 Bxc5 31. bxc5 Rf4 32. Nxb7 Rxe4 33. Na5 Kf6 34. f3 Re2 35. R3d2 gxf3 36. gxf3 Rg8+ 37. Kf1 Re3 38. Rd3 Rxd3 39. cxd3 Bd5 40. Kf2 Rb8 41. Rc1 Kf5 42. Nc4 Kf4 43. Ne3 Rb3 44. Ng2+ Kg5 45. h4+ Kf6 46. Ne3 Rxa3 47. Rb1 Bb3 48. Nc4 Bxc4 49. dxc4 Ra4 50. Kg3 a5 51. Rb7 Rxc4 52. Rxc7 Rxc5 53. Ra7 Ke6 54. Rh7 a4 55. Rxh5 a3 56. Rh6+ Kd5 57. Rh8 Ra5 0-1

[Event "FIDE Chesscom Grand Swiss 2019"]
[Site "Douglas-Isle of Man"]
[Date "2019.10.20"]
[Round "10.35"]
[White "Munguntuul, Batkhuyag"]
[Black "Prithu Gupta"]
[Result "1-0"]
[ECO "C70"]
[WhiteElo "2421"]
[BlackElo "2493"]
[Annotator "ChessBase"]
[PlyCount "91"]
[EventDate "2019.10.10"]
[EventType "swiss"]
[EventCountry "GBR"]
[SourceTitle "playchess.com"]
[Source "ChessBase"]
[SourceQuality "1"]
[TimeControl "40/6000+30:20/3000+30:900+30"]

1. e4 e5 2. Nf3 Nc6 3. Bb5 g6 4. c3 a6 5. Ba4 Bg7 6. d4 exd4 7. cxd4 b5 8. Bc2 d6 9. d5 Nce7 10. O-O Nf6 11. Nc3 O-O 12. Bg5 h6 13. Be3 Bb7 14. Qd2 Kh7 15. Rad1 c6 16. dxc6 Bxc6 17. Bd4 b4 18. Ne2 Bb5 19. Rfe1 Nc6 20. b3 Rc8 21. Bb2 Ng4 22. Bxg7 Kxg7 23. Qxd6 Qxd6 24. Rxd6 Rfd8 25. Rxd8 Rxd8 26. Nf4 a5 27. e5 Re8 28. e6 Nf6 29. h4 Nh5 30. Nxh5+ gxh5 31. exf7 Rxe1+ 32. Nxe1 Nd4 33. Bd1 Bd7 34. Nc2 Nb5 35. Bxh5 Nc3 36. Nd4 Nxa2 37. f4 Nc3 38. Kf2 Ne4+ 39. Ke3 Nf6 40. Bg6 Nd5+ 41. Ke4 Ne7 42. h5 Nc6 43. f5 Nd8 44. Nf3 Bc6+ 45. Ke3 Bxf3 46. Kxf3 1-0